 Dungeon Crawl Stone Soup version 0.31-a0-460-g9e667d4245 (webtiles) character file.

Game seed: 6448620158142546140

1657220 motkurizz the Black Belt (level 27, 218/218 (219) HPs)
             Began as a Gnoll Artificer on Aug 4, 2023.
             Was a High Priest of Okawaru.
             Escaped with the Orb
             ... and 3 runes on Aug 5, 2023!
             The game lasted 06:02:16 (68976 turns).

motkurizz the Black Belt (Gnoll Artificer)         Turns: 68976, Time: 06:02:17

HP:   218/218 (219) AC: 32    Str: 21    XL:     27
MP:   54/54         EV: 34    Int: 18    God:    Okawaru [*****.]
Gold: 5487          SH: 36    Dex: 37    Spells: 5/63 levels left

rFire   + + +        u - +5 eudemon blade (holy)
rCold   + . .        f - +4 tower shield {reflect}
rNeg    . . .        k - quicksilver dragon scales
rPois   +            D - +3 helmet of Pandemonium {rCorr MP+9 Dex+2}
rElec   +            b - +4 dragonskin cloak
rCorr   +            h - +0 pair of gloves of Sloth {Dex+3}
SInv    .            P - +1 pair of boots "Ranao" {+Inv Regen+ Int-4 Dex+10}
Will    +++..        t - amulet of the Open Hand {Reflect Str+2 Int+3 Slay+5 SH+5}
Stlth   +++          l - ring of Ezootis {rElec rF+++ Str+4 Dex+3 Slay+4}
HPRegen 1.36/turn    z - ring of Duovibes {Wiz Fly rPois rC+ Stlth+}
MPRegen 0.34/turn

%: reflection, wizardry (x1)
@: flying, studying 2 skills, lightly drained
A: fangs 1, strong nose, distributed training, clever 2, deterioration 1,
inability to read after injury 1
0: Orb of Zot
}: 3/15 runes: barnacled, silver, gossamer
a: Renounce Religion, Evoke Invisibility, Heroism, Finesse, Duel


You escaped.
You worshipped Okawaru.
Okawaru was extremely pleased with you.
You visited 9 branches of the dungeon, and saw 45 of its levels.
You visited the Abyss 1 time.
You also visited: Trove, Ossuary, Bailey and Desolation.

You collected 8736 gold pieces.
You spent 3249 gold pieces at shops.

Inventory:

Hand Weapons
 a - a +1 hand crossbow of freezing
 e - a +4 antimagic demon blade
 q - the +8 demon blade "Leech" {evervamp, Harm Drain rN+}
   (You found it on level 1 of the Spider Nest)

   rN:        It protects you from negative energy.
   Drain:     It drains your maximum health when unequipped.
   Harm:      It increases damage dealt and taken.
 u - a +5 eudemon blade of holy wrath (weapon)
 E - the +3 Elemental Staff {rElec rF+ rC+ AC+3}
   (You found it on level 4 of the Shoals)

   It enhances your fire, ice, earth and air magic.
   AC:        It affects your AC (+3).
   rF:        It protects you from fire.
   rC:        It protects you from cold.
   rElec:     It insulates you from electricity.
 I - the +11 Singing Sword {sonic wave}
   (You subdued it on level 1 of the Vaults)
Missiles
 o - 55 boomerangs (quivered)
 p - 28 javelins
 L - 21 atropa-tipped darts
 T - 4 silver javelins
Armour
 b - the +4 dragonskin cloak (worn)
   (You took it off Tiamat on level 2 of the Realm of Zot)

   Avatar's Aegis: It grants the wearer a chance to resist fire, cold, poison,
   electricity, acid, and negative energy.
 f - a +4 tower shield of reflection (worn)
 h - the +0 pair of gloves of Sloth (worn) {Dex+3}
   (Okawaru gifted it to you on level 2 of the Realm of Zot)

   Dex:       It affects your dexterity (+3).
 k - quicksilver dragon scales (worn)
 D - the +3 helmet of Pandemonium (worn) {rCorr MP+9 Dex+2}
   (You found it on level 4 of the Vaults)

   Dex:       It affects your dexterity (+2).
   MP:        It affects your magic capacity (+9).
   rCorr:     It protects you from acid and corrosion.
 P - the +1 pair of boots "Ranao" (worn) {+Inv Regen+ Int-4 Dex+10}
   (You found it on level 2 of the Shoals)

   Int:       It affects your intelligence (-4).
   Dex:       It affects your dexterity (+10).
   +Inv:      It lets you turn invisible.
   Regen:     It increases your rate of health regeneration.
Jewellery
 l - the ring of Ezootis (left hand) {rElec rF+++ Str+4 Dex+3 Slay+4}
   (You found it in a treasure trove)

   [ring of slaying]

   Str:       It affects your strength (+4).
   Dex:       It affects your dexterity (+3).
   Slay:      It affects your accuracy & damage with ranged weapons and melee
   (+4).
   rF:        It renders you almost immune to fire.
   rElec:     It insulates you from electricity.
 m - the ring of Syahoak {+Blink Fly rC- MP+9 Slay+6}
   (You found it in a treasure trove)

   [ring of magical power]

   Slay:      It affects your accuracy & damage with ranged weapons and melee
   (+6).
   rC:        It makes you vulnerable to cold.
   MP:        It affects your magic capacity (+9).
   Fly:       It grants you flight.
   +Blink:    It lets you blink.
 t - the amulet of the Open Hand (around neck) {Reflect Str+2 Int+3 Slay+5 SH+5}
   (You took it off a servant of whispers in the Desolation of Salt)

   [amulet of reflection]

   It reflects blocked missile attacks.
   Str:       It affects your strength (+2).
   Int:       It affects your intelligence (+3).
   Slay:      It affects your accuracy & damage with ranged weapons and melee
   (+5).
   SH:        It affects your SH (+5).
 v - the ring "Heheot" {rF- rCorr Str+5 SInv}
   (You took it off an ironbound convoker on level 5 of the Vaults)

   [ring of see invisible]

   Str:       It affects your strength (+5).
   rF:        It makes you vulnerable to fire.
   SInv:      It lets you see invisible.
   rCorr:     It protects you from acid and corrosion.
 z - the ring of Duovibes (right hand) {Wiz Fly rPois rC+ Stlth+}
   (You bought it in a shop on level 1 of the Orcish Mines)

   [ring of wizardry]

   It improves your spell success rate.
   rC:        It protects you from cold.
   rPois:     It protects you from poison.
   Fly:       It grants you flight.
   Stlth:     It makes you more stealthy.
 C - a +5 ring of evasion
 S - a +4 ring of protection
 X - the ring of the Louse {Fly rElec rC+ Int+2}
   (You found it on level 2 of the Lair of Beasts)

   [ring of flight]

   Int:       It affects your intelligence (+2).
   rC:        It protects you from cold.
   rElec:     It insulates you from electricity.
   Fly:       It grants you flight.
Wands
 r - a wand of mindburst (15)
 B - a wand of quicksilver (12)
 M - a wand of digging (14)
 O - a wand of roots (33)
Scrolls
 c - a scroll of brand weapon
 n - 13 scrolls of teleportation
 w - 5 scrolls of blinking
 x - a scroll of enchant weapon
 y - 2 scrolls of revelation
 J - 8 scrolls of fear
 R - 4 scrolls of silence
 Y - 6 scrolls of poison
Potions
 d - 7 potions of mutation
 g - 5 potions of might
 i - 6 potions of heal wounds
 j - 6 potions of attraction
 s - 15 potions of curing
 F - a potion of resistance
 G - 12 potions of brilliance
 H - 5 potions of haste
 K - 5 potions of cancellation
 V - 2 potions of ambrosia
 W - 2 potions of magic
 Z - 10 potions of enlightenment
Miscellaneous
 U - a phial of floods


   Skills:
 + Level 18.7 Fighting
 + Level 18.5 Short Blades
 + Level 18.5 Long Blades
 + Level 18.5 Axes
 + Level 18.5 Maces & Flails
 + Level 18.5 Polearms
 + Level 18.5 Staves
 + Level 18.5 Ranged Weapons
 + Level 18.5 Throwing
 + Level 19.0 Armour
 + Level 18.7 Dodging
 + Level 18.6 Stealth
 + Level 18.5 Shields
 + Level 20.1 Unarmed Combat
 + Level 18.5 Spellcasting
 + Level 15.8 Conjurations
 + Level 15.8 Hexes
 + Level 15.8 Summonings
 + Level 16.9 Necromancy
 + Level 15.8 Translocations
 + Level 15.8 Transmutations
 + Level 15.8 Fire Magic
 + Level 15.8 Ice Magic
 + Level 15.8 Air Magic
 + Level 15.8 Earth Magic
 + Level 15.8 Poison Magic
 + Level 20.0 Invocations
 + Level 19.4 Evocations
 + Level 15.8 Shapeshifting


You had 5 spell levels left.
You knew the following spells:

 Your Spells              Type           Power      Damage    Failure   Level
a - Frozen Ramparts       Ice            100%       1d16      1%          3
b - Passwall              Tmut/Erth      54%        N/A       0%          2
c - Vhi's Electric Charg  Tloc/Air       100%       N/A       1%          3
d - Irradiate             Conj/Tmut      32%        3d22      1%          5
e - Petrify               Tmut/Erth      65%        N/A       1%          4
f - Olgreb's Toxic Radia  Pois           65%        N/A       1%          4
g - Mephitic Cloud        Conj/Pois/Air  65%        N/A       1%          3
h - Wereblood             Tmut           65%        N/A       0%          2
i - Swiftness             Air            65%        N/A       1%          3
j - Freezing Cloud        Conj/Ice/Air   32%        6-21      1%          5
k - Silence               Hex/Air        32%        N/A       1%          5
l - Yara's Violent Unrav  Hex/Tmut       32%        3d13      1%          5
m - Metabolic Englaciati  Hex/Ice        32%        N/A       1%          5
n - Manifold Assault      Tloc           65%        N/A       1%          4
o - Arcjolt               Conj/Air       32%        1d42      1%          5

Your spell library contained the following spells:

 Spells                   Type           Power      Damage    Failure   Level
 Magic Dart               Conj           100%       1d8       0%          1
 Sandblast                Erth           100%       2d20      0%          1
 Blink                    Tloc           100%       N/A       0%          2
 Ensorcelled Hibernation  Hex/Ice        100%       N/A       0%          2
 Lesser Beckoning         Tloc           100%       N/A       0%          2
 Poisonous Vapours        Pois/Air       100%       N/A       0%          2
 Scorch                   Fire           100%       2d9       0%          2
 Searing Ray              Conj           100%       2d8       0%          2
 Sublimation of Blood     Necr           67%        N/A       0%          2
 Dazzling Flash           Conj/Hex       100%       N/A       1%          3
 Gell's Gravitas          Tloc           65%        N/A       1%          3
 Hailstorm                Conj/Ice       65%        3d14      1%          3
 Inner Flame              Hex/Fire       65%        N/A       1%          3
 Stone Arrow              Conj/Erth      100%       3d13      1%          3
 Teleport Other           Tloc           65%        N/A       1%          3
 Flame Wave               Conj/Fire      65%        2d15      1%          4
 Fulminant Prism          Conj/Hex       32%        3d16      1%          4
 Iskenderun's Mystic Bla  Conj/Tloc      65%        2d13      1%          4
 Leda's Liquefaction      Hex/Erth       32%        N/A       1%          4
 Passage of Golubria      Tloc           65%        N/A       1%          4
 Sticky Flame             Conj/Fire      65%        2d8       1%          4
 Agony                    Necr           67%        N/A       1%          5
 Alistair's Intoxication  Tmut/Pois      43%        N/A       1%          5
 Borgnjor's Vile Clutch   Necr/Erth      33%        N/A       1%          5
 Lee's Rapid Deconstruct  Erth           32%        3d17*     1%          5
 Conjure Ball Lightning   Conj/Air       32%        3x3d10    1%          6
 Dispersal                Tloc           32%        N/A       1%          6
 Eringya's Noxious Bog    Tmut/Pois      32%        4d6       1%          6
 Leda's Unmaking          Conj/Erth      32%        9d6       1%          6
 Plasma Beam              Fire/Air       32%        2x1d45    1%          6
 Starburst                Conj/Fire      32%        6d10      1%          6
 Enfeeble                 Hex            32%        N/A       4%          7
 Orb of Destruction       Conj           32%        9d10      4%          7
 Borgnjor's Revivificati  Necr           33%        N/A       22%         8
 Discord                  Hex            32%        N/A       32%         8
 Disjunction              Tloc           32%        N/A       32%         8
 Ignition                 Fire           32%        3d10      32%         8
 Lehudib's Crystal Spear  Conj/Erth      32%        10d8      32%         8
 Chain Lightning          Conj/Air       32%        3d43      99%         9
 Fire Storm               Conj/Fire      32%        8d8       99%         9
 Call Imp                 Summ           Unusable   N/A       N/A         2
 Summon Guardian Golem    Hex/Summ       Unusable   N/A       N/A         3
 Animate Armour           Summ/Erth      Unusable   N/A       N/A         4
 Animate Dead             Necr           Unusable   N/A       N/A         4
 Summon Ice Beast         Ice/Summ       Unusable   N/A       N/A         4
 Summon Lightning Spire   Summ/Air       Unusable   N/A       N/A         4
 Death Channel            Necr           Unusable   N/A       N/A         6
 Simulacrum               Ice/Necr       Unusable   N/A       N/A         6
 Summon Cactus Giant      Summ           Unusable   N/A       N/A         6
 Haunt                    Necr/Summ      Unusable   N/A       N/A         7
 Malign Gateway           Summ/Tloc      Unusable   N/A       N/A         7
 Spellforged Servitor     Conj/Summ      Unusable   N/A       N/A         7
 Summon Hydra             Summ           Unusable   N/A       N/A         7
 Infestation              Necr           Unusable   N/A       N/A         8

Dungeon Overview and Level Annotations

Branches:
Dungeon (15/15)            Temple (1/1) D:6            Lair (5/5) D:10
 Shoals (4/4) Lair:2       Spider (4/4) Lair:2        Slime (0/5) Lair:4
    Orc (2/2) D:12            Elf (0/3) Orc:2        Vaults (5/5) D:14
  Crypt (0/3) Vaults:3     Depths (4/4) D:15            Zot (5/5) Depths:4
Ossuary (visited)          Bailey (visited)         Desolation (visited)

Altars:
Ashenzari
Cheibriados
Dithmenos
Elyvilon
Fedhas
Gozag
Hepliaklqana
Kikubaaqudgha
Makhleb
Nemelex Xobeh
Okawaru
Qazlal
Ru
Sif Muna
Trog
Uskayaw
Vehumet
Wu Jian
Xom
Yredelemnul
Zin
The Shining One
Jiyva

Shops:
D:12 *   Orc:1 =   Orc:2 *[*(   Shoals:1 **   Shoals:2 [   Vaults:4 [   Zot:5 *
Depths:4 *

Portals:
Hell: Depths:1 Depths:2 Depths:3 Depths:4
Abyss: Depths:1 Depths:3
Pandemonium: Depths:2 Depths:3 Depths:4
Ziggurat: Depths:4

Annotations:
D:12 exclusion: downstairs
Lair:3 exclusion: downstairs
Lair:4 exclusion: 2 downstairs
Shoals:1 exclusion: downstairs
Spider:3 exclusion: downstairs
Zot:1 exclusion: downstairs
Zot:3 exclusion: downstairs


Innate Abilities, Weirdness & Mutations

You have very sharp teeth.
Your uncanny sense of smell can sniff out nearby items.
Your experience applies equally to all skills.
Your mind is very acute. (Int +8, Str/Dex -2)
Your body sometimes deteriorates upon taking damage.
You occasionally lose the ability to read scrolls when taking damage.


Message History

You block the Orb Guardian's attack.
You slice the Orb Guardian!!
You kill the Orb Guardian!
Okawaru accepts your kill.
(D) Dungeon (T) Temple (L) Lair (A) Shoals (N) Spider Nest (M) Slime Pits (O) Orcish Mines (E) Elven Halls (V) Vaults (C) Crypt (U) Depths (H) Hell (Z) Zot
Where to? (Enter - D:1, ? - help)
A shadow demon comes into view.
You barely miss the shadow demon. You closely miss the shadow demon.
You block the shadow demon's attack.
You open the shadow demon like a pillowcase!!!
The shadow demon convulses!!!
You kill the shadow demon!
Okawaru accepts your kill.
(D) Dungeon (T) Temple (L) Lair (A) Shoals (N) Spider Nest (M) Slime Pits (O) Orcish Mines (E) Elven Halls (V) Vaults (C) Crypt (U) Depths (H) Hell (Z) Zot
Where to? (Enter - D:1, ? - help)
There is a stone staircase leading up here.
You fly upwards.
There is a stone staircase leading down here.
HP restored.
There is an open door here.
You see here a +0 war axe.
There is an open door here.
There is a stone staircase leading up here.
You fly upwards.
There is a stone staircase leading down here.
There is an open door here.
There is a stone staircase leading up here.
You fly upwards.
There is a stone staircase leading down here.
There is an open door here.
There is a staircase leading out of the dungeon here.
You can't go down here!
Unknown command.
You have escaped!

############....#.#..............
###......#...#.#.#######
#.......##.###.#.# #
##.#.........##.#.# #
#####...............#.# #
#.....................# ##
#.....################# #.
#.....# #.........#########
#..†..#####.@................
###...#>..'........#########.
#########........## #...#
#.....#...## #.... #....###...##
#.... ###.## ##...###.... #.#
##...##.... #.#######...#..##
#................


There were no monsters in sight!

Vanquished Creatures
  Tiamat (Zot:2)
  7 dread liches
  6 ancient liches
  3 orbs of fire
  Mara (Spider:4)
  Mennas (Depths:3)
  4 juggernauts
  Boris (twice) (Vaults:3 Depths:1)
  4 Killer Klowns (Zot:5)
  Frederick (Vaults:1)
  2 caustic shrikes
  A curse toe (Zot:3)
  7 golden dragons
  A Tzitzimitl (Depths:4)
  3 electric golems
  Rupert (Lair:4)
  Zenata (Vaults:2)
  A Hell Sentinel (D:14)
  A walking earthen tome (Depths:2)
  2 liches
  27 Orb Guardians
  A walking crystal tome (Depths:3)
  Asterion (Spider:4)
  17 tentacled monstrosities
  5 titans
  Jorgrun (Spider:3)
  8 quicksilver dragons
  4 walking frostbound tomes
  10 death cobs
  A sphinx (shapeshifter) (Vaults:5)
  6 sphinxes
  Agnes (Vaults:1)
  Aizul (Vaults:4)
  11 shadow dragons
  10 draconian monks
  16 storm dragons
  7 tengu reavers
  7 fire giants
  3 iron dragons
  13 frost giants
  7 draconian knights
  22 vault wardens
  5 ghost moths
  4 emperor scorpions
  A balrug (Depths:1)
  5 imperial myrmidons (Desolation)
  4 spectral caustic shrikes (Depths:2)
  12 draconian scorchers
  9 draconian shifters
  3 angels
  4 broodmothers
  An orc warlord (Vaults:2)
  20 ironbound preservers
  4 war gargoyles
  10 draconian annihilators
  3 draconian stormcallers (Zot:1)
  A spriggan defender (Depths:3)
  10 ironbound thunderhulks
  2 formless jellyfish
  13 very ugly things
  13 green draconians
  17 stone giants
  3 vampire knights
  2 reapers
  3 demonspawn black suns (Zot:1)
  19 black draconians
  6 dire elephants
  A deep elf annihilator (Vaults:5)
  16 white draconians
  14 purple draconians
  14 spark wasps
  Snorg (D:11)
  16 yellow draconians
  12 red draconians
  A crystal guardian (Vaults:4)
  3 merfolk javelineers
  A blizzard demon (Zot:3)
  6 entropy weavers
  A green death (Zot:5)
  5 ragged hierophants (Desolation)
  12 fire dragons
  13 ettins
  8 merfolk impalers
  6 ice dragons
  2 deep elf high priests (Vaults:5)
  13 yaktaur captains
  3 hydras
  6 great orbs of eyes
  44 vault guards
  4 hell beasts
  10 servants of whispers (Desolation)
  6 rakshasas
  4 merfolk aquamancers
  An ogre mage (Vaults:5)
  2 alligator snapping turtles (Shoals:4)
  3 spriggan air magi
  10 boulder beetles
  9 ironbound frosthearts
  9 peacekeepers
  24 centaur warriors
  A two-headed ogre (D:8)
  6 radroaches
  4 satyrs
  5 tengu warriors
  3 jorogumos
  9 death yaks
  6 deep troll shamans
  A dancing weapon (Vaults:1)
  3 deep troll earth magi
  4 merfolk avatars
  A death yak (shapeshifter) (D:15)
  7 demonic crawlers
  4 spriggan berserkers
  2 vampire magi
  3 hell hogs (Zot:5)
  A hell knight (Depths:1)
  A sun demon (Zot:5)
  Sonja (Orc:2)
  A titan skeleton (Depths:1)
  6 skysharks
  3 iron trolls
  8 pharaoh ants
  2 fire crabs (shapeshifter)
  7 sea snakes
  3 sun moths
  A quicksilver dragon simulacrum (Depths:1)
  63 deep trolls
  9 orb spiders
  4 lindwurms
  2 shadow demons
  A flayed ghost (Depths:2)
  13 wizards
  4 phantasmal warriors
  9 glowing orange brains
  14 harpies
  21 ironbound convokers
  16 orc knights
  A mana viper (shapeshifter) (Vaults:5)
  3 necromancers
  2 oklob plants
  4 steelbarb worms
  3 orc sorcerers
  32 ugly things
  A deep elf pyromancer (D:15)
  A stone giant zombie (Depths:1)
  8 cyclopes
  A faun (shapeshifter) (Depths:3)
  A shining eye (shapeshifter) (Depths:3)
  9 fauns (Shoals:2)
  30 wolf spiders
  A sphinx skeleton (Depths:1)
  2 rust devils
  25 moths of wrath
  2 guardian serpents (Desolation)
  14 manticores
  20 elephants
  An ice statue (D:13)
  A gargoyle (D:12)
  17 vault sentinels
  9 black mambas
  11 merfolk sirens
  2 molten gargoyles (Desolation)
  4 water nymphs
  A smoke demon (Zot:5)
  4 torpor snails
  27 cane toads
  A torpor snail (shapeshifter) (Vaults:5)
  An unseen horror (shapeshifter) (D:15)
  22 yaktaurs
  9 komodo dragons
  3 ice devils
  A freezing wraith (Vaults:2)
  A kobold demonologist (D:14)
  2 tengu conjurers
  2 tormentors (D:15)
  A red devil (D:15)
  3 meliai (Spider:4)
  4 harpy zombies (Shoals:3)
  4 hornets
  29 merfolk
  3 wind drakes
  A merfolk (shapeshifter) (Vaults:3)
  A shadow dragon simulacrum (Depths:1)
  9 trolls
  Grinder (D:6)
  3 polar bears (Lair:5)
  7 tyrant leeches
  22 tarantellas
  4 dream sheep (Shoals:3)
  43 slime creatures
  16 blink frogs (Lair:5)
  22 jumping spiders
  14 snapping turtles
  40 saltlings (Desolation)
  2 spriggan zombies (Depths:1)
  2 spriggans (Depths:2)
  A flying skull (Vaults:3)
  A wraith (D:12)
  A centaur simulacrum (D:14)
  Sigmund (D:4)
  14 culicivoras
  3 wyverns
  4 shadows
  A hog (shapeshifter) (Depths:3)
  56 yaks
  5 water elementals
  A chaos spawn (Depths:2)
  A human (D:10)
  5 vampire mosquitoes (Lair:5)
  A basilisk (Lair:4)
  39 redbacks
  A steam dragon (D:8)
  A neqoxec (Depths:2)
  11 wargs
  Menkaure (D:5)
  A human zombie (Depths:1)
  The ghost of bmj180 the Conjurer, an amateur OpCj (D:3)
  2 acid dragons (D:11)
  A glowing shapeshifter zombie (Depths:1)
  A floating eye (shapeshifter) (Depths:3)
  18 water moccasins
  Duvessa (D:4)
  An ice beast (shapeshifter) (Depths:2)
  An ettin simulacrum (Depths:1)
  31 orc warriors
  4 black bears
  2 ice beasts
  A manticore zombie (Shoals:3)
  9 wolves
  12 centaurs
  4 boggarts (Vaults:2)
  8 ogres
  4 kobold brigands
  A phantom (D:6)
  30 bullfrogs
  A glowing shapeshifter simulacrum (Depths:1)
  11 gnoll sergeants
  2 scorpions
  Dowan (D:4)
  14 killer bees
  4 howler monkeys
  An electric eel (Lair:5)
  2 centaur zombies (Ossuary)
  4 jellies
  2 hounds (Bailey)
  7 gnoll boudas
  10 orc priests
  Ijyb (D:3)
  4 iguanas
  A sleepcap (D:4)
  4 hell rats (Lair:3)
  14 orc wizards
  6 mummies (Ossuary)
  Robin (D:1)
  37 gnolls
  9 adders
  A shadow imp (D:7)
  A white imp (D:6)
  3 ufetubi
  A worm (D:5)
  5 dart slugs
  77 orcs
  7 ball pythons
  A bat zombie (Shoals:3)
  9 endoplasms
  3 giant cockroaches
  14 goblins
  9 hobgoblins
  8 jackals
  16 kobolds
  3 quokkas
  5 bats
  3 frilled lizards
  2 hobgoblin zombies (Ossuary)
  A kobold skeleton (D:10)
  A kobold zombie (D:10)
  7 rats
  2 tentacles (Shoals:3)
2038 creatures vanquished.

Vanquished Creatures (others)
  A ghost moth (Zot:4)
  A draconian shifter (Zot:1)
  A guardian serpent (Desolation)
  A polar bear (Lair:2)
  2 saltlings (Desolation)
  A jumping spider (Spider:1)
  An orc (D:15)
  7 tentacles (Shoals:3)
15 creatures vanquished.

Grand Total: 2053 creatures vanquished

Notes
Turn   | Place    | Note
-------+----------+-------------------------------------------
     0 | D:1      | motkurizz the Gnoll Artificer began the quest for the Orb.
     0 | D:1      | Reached XP level 1. HP: 17/17 MP: 1/1
   338 | D:1      | Reached XP level 2. HP: 14/23 MP: 2/2
  1372 | D:2      | Reached XP level 3. HP: 28/28 MP: 3/3
  1508 | D:2      | Noticed Robin
  1527 | D:2      | Reached skill level 1 in Invocations
  1688 | D:1      | Killed Robin
  1689 | D:1      | Reached skill level 1 in Short Blades
  1689 | D:1      | Reached skill level 1 in Long Blades
  1689 | D:1      | Reached skill level 1 in Axes
  1689 | D:1      | Reached skill level 1 in Maces & Flails
  1689 | D:1      | Reached skill level 1 in Polearms
  1689 | D:1      | Reached skill level 1 in Staves
  1689 | D:1      | Reached skill level 1 in Ranged Weapons
  1689 | D:1      | Reached skill level 1 in Throwing
  1689 | D:1      | Reached skill level 1 in Shields
  1689 | D:1      | Reached skill level 1 in Unarmed Combat
  1689 | D:1      | Reached skill level 1 in Spellcasting
  1715 | D:2      | Reached XP level 4. HP: 24/34 MP: 5/5
  2144 | D:2      | Reached skill level 1 in Conjurations
  2144 | D:2      | Reached skill level 1 in Hexes
  2144 | D:2      | Reached skill level 1 in Summonings
  2144 | D:2      | Reached skill level 1 in Necromancy
  2144 | D:2      | Reached skill level 1 in Translocations
  2144 | D:2      | Reached skill level 1 in Transmutations
  2144 | D:2      | Reached skill level 1 in Fire Magic
  2144 | D:2      | Reached skill level 1 in Ice Magic
  2144 | D:2      | Reached skill level 1 in Air Magic
  2144 | D:2      | Reached skill level 1 in Earth Magic
  2144 | D:2      | Reached skill level 1 in Poison Magic
  2144 | D:2      | Reached skill level 1 in Shapeshifting
  2176 | D:2      | Identified the +6 sling of Sequestration {freeze, *Corrode
                  | rN+++ Int+2 SInv}
  2269 | D:2      | Found a faded altar of an unknown god.
  2590 | D:3      | Found an ornate altar of the Wu Jian Council.
  2664 | D:3      | Reached XP level 5. HP: 40/40 MP: 5/7
  2699 | D:3      | Found an opulent altar of Gozag.
  2729 | D:3      | Noticed Ijyb
  2850 | D:3      | Killed Ijyb
  3153 | D:3      | Found a large runed translucent door.
  3154 | D:3      | Found a large runed translucent door.
  3157 | D:3      | Noticed bmj180's ghost (amateur OpCj)
  3267 | D:3      | Found the +5 woodcutter's axe
  3279 | D:3      | Reached XP level 6. HP: 47/47 MP: 8/8
  3677 | D:4      | Reached skill level 5 in Armour
  3703 | D:4      | Noticed Duvessa
  3707 | D:4      | Noticed Dowan
  3714 | D:4      | Killed Duvessa
  3714 | D:4      | Killed Dowan
  3874 | D:4      | Reached XP level 7. HP: 38/52 MP: 10/10
  3926 | D:4      | Noticed Sigmund
  3934 | D:4      | Killed Sigmund
  4643 | D:5      | Entered Level 5 of the Dungeon
  4858 | D:5      | Reached XP level 8. HP: 56/60 MP: 12/12
  5352 | D:5      | Noticed Menkaure
  5411 | D:5      | Killed Menkaure
  5803 | D:5      | Found a burning altar of Makhleb.
  6144 | D:6      | Found a bloodstained altar of Trog.
  6210 | D:6      | Found a shadowy altar of Dithmenos.
  6234 | D:6      | Found a staircase to the Ecumenical Temple.
  6250 | Temple   | Entered the Ecumenical Temple
  6268 | Temple   | Became a worshipper of Warmaster Okawaru
  6420 | D:6      | Reached XP level 9. HP: 66/66 MP: 14/14
  6679 | D:6      | Found a blossoming altar of Fedhas.
  6684 | D:6      | Found a hide-covered altar of Uskayaw.
  6684 | D:6      | Noticed Grinder
  6688 | D:6      | Paralysed by Grinder for 5 turns
  6698 | D:6      | Killed Grinder
  6698 | D:6      | Reached * piety under Okawaru
  6999 | D:7      | Reached skill level 5 in Fighting
  6999 | D:7      | Reached skill level 5 in Dodging
  7140 | D:7      | Found a flagged portal.
  7167 | Bailey   | Entered a bailey
  7820 | Bailey   | Reached skill level 5 in Stealth
  8555 | Bailey   | Reached skill level 5 in Invocations
  8766 | Bailey   | Identified the +5 sling "Conservator" {heavy, rPois Str+2}
  8788 | Bailey   | Reached ** piety under Okawaru
  9505 | Bailey   | Reached XP level 10. HP: 11/74 MP: 2/17
 10302 | D:7      | Reached skill level 5 in Short Blades
 10302 | D:7      | Reached skill level 5 in Long Blades
 10302 | D:7      | Reached skill level 5 in Axes
 10302 | D:7      | Reached skill level 5 in Maces & Flails
 10302 | D:7      | Reached skill level 5 in Polearms
 10302 | D:7      | Reached skill level 5 in Staves
 10302 | D:7      | Reached skill level 5 in Ranged Weapons
 10302 | D:7      | Reached skill level 5 in Throwing
 10302 | D:7      | Reached skill level 5 in Shields
 10302 | D:7      | Reached skill level 5 in Unarmed Combat
 10302 | D:7      | Reached skill level 5 in Spellcasting
 10446 | D:7      | Got Sif Muna's Quarto of Limned Detritus
 10974 | D:7      | Identified the +1 sling of Ivacwire {elec, Contam rF++
                  | Str-3 Dex+3}
 11017 | D:8      | Paralysed by a hornet for 2 turns
 11094 | D:8      | Found a sand-covered staircase.
 11099 | Ossuary  | Entered an ossuary
 11428 | D:8      | Reached *** piety under Okawaru
 12218 | D:8      | Noticed a two-headed ogre
 12236 | D:8      | Killed a two-headed ogre
 12590 | D:8      | Reached **** piety under Okawaru
 12591 | D:8      | Reached XP level 11. HP: 47/83 MP: 12/19
 12603 | D:8      | Reached skill level 5 in Conjurations
 12603 | D:8      | Reached skill level 5 in Hexes
 12603 | D:8      | Reached skill level 5 in Summonings
 12603 | D:8      | Reached skill level 5 in Necromancy
 12603 | D:8      | Reached skill level 5 in Translocations
 12603 | D:8      | Reached skill level 5 in Transmutations
 12603 | D:8      | Reached skill level 5 in Fire Magic
 12603 | D:8      | Reached skill level 5 in Ice Magic
 12603 | D:8      | Reached skill level 5 in Air Magic
 12603 | D:8      | Reached skill level 5 in Earth Magic
 12603 | D:8      | Reached skill level 5 in Poison Magic
 12603 | D:8      | Reached skill level 5 in Shapeshifting
 12901 | D:9      | Learned a level 3 spell: Frozen Ramparts
 13030 | D:9      | Found a hazy altar of Hepliaklqana.
 13609 | D:9      | Found a shimmering altar of Xom.
 13927 | D:10     | Entered Level 10 of the Dungeon
 14229 | D:10     | Found a portal to a secret trove of treasure.
 14388 | D:10     | Reached ***** piety under Okawaru
 14545 | D:10     | Found a staircase to the Lair.
 14638 | D:10     | Received a gift from Okawaru
 14710 | D:10     | Found a runed translucent door.
 14714 | D:10     | Found a basalt altar of Yredelemnul.
 14744 | D:10     | Found a white marble altar of Elyvilon.
 14943 | D:10     | Found a broken altar of Ashenzari.
 15266 | D:11     | Found a frozen archway.
 15342 | Lair:1   | Entered Level 1 of the Lair of Beasts
 15363 | D:10     | Received a gift from Okawaru
 15615 | Lair:1   | Identified the +0 cloak of Desh {Fly rN+} (Okawaru gifted
                  | it to you on level 1 of the Lair of Beasts)
 15615 | Lair:1   | Received a gift from Okawaru
 15630 | Lair:1   | Learned a level 2 spell: Passwall
 15691 | Lair:1   | Reached XP level 12. HP: 71/91 MP: 22/22
 16865 | Lair:2   | Noticed a death yak
 16865 | Lair:2   | Noticed a death yak
 16865 | Lair:2   | Noticed a death yak
 16865 | Lair:2   | Noticed a death yak
 17208 | Lair:1   | Reached skill level 10 in Evocations
 17287 | Lair:1   | Killed a death yak
 17311 | Lair:1   | Killed a death yak
 17915 | Lair:2   | Found a staircase to the Shoals.
 17973 | Lair:2   | Received a gift from Okawaru
 18148 | Lair:2   | Identified the +1 ring mail of Foolhardiness {Str+4 Int+2}
 18299 | Lair:2   | Identified the ring of the Louse {Fly rElec rC+ Int+2}
 18346 | Lair:2   | Found a white marble altar of Elyvilon.
 18401 | Lair:2   | Killed a death yak
 18421 | Lair:2   | Killed a death yak
 18421 | Lair:2   | Received a gift from Okawaru
 18503 | Lair:2   | Reached XP level 13. HP: 52/99 MP: 23/25
 18717 | Lair:2   | Found a hole to the Spider Nest.
 19215 | Lair:3   | Reached ****** piety under Okawaru
 19215 | Lair:3   | Received a gift from Okawaru
 19336 | Lair:3   | Received a gift from Okawaru
 20585 | Lair:3   | Found the +8 whip "Snakebite" {venom, curare, rPois}
 20929 | Lair:4   | Noticed Rupert
 21283 | D:11     | Noticed Snorg
 21301 | D:11     | Killed Snorg
 21538 | D:12     | Found a staircase to the Orcish Mines.
 21709 | D:12     | Reached skill level 10 in Armour
 22048 | D:12     | Identified the +0 pair of gloves of Jecien {rN+ Str+3
                  | Dex-5} (Okawaru gifted it to you on level 12 of the
                  | Dungeon)
 22048 | D:12     | Received a gift from Okawaru
 22095 | D:12     | Found Dunoep's General Store.
 22102 | D:12     | Bought a wand of roots (5) for 144 gold pieces
 22352 | Orc:1    | Entered Level 1 of the Orcish Mines
 22719 | Orc:1    | Reached XP level 14. HP: 108/108 MP: 25/27
 22948 | Orc:2    | Entered Level 2 of the Orcish Mines
 22948 | Orc:2    | Found a staircase to the Elven Halls.
 23323 | Orc:2    | Noticed Sonja
 23332 | Orc:2    | Killed Sonja
 23556 | Orc:1    | Reached skill level 10 in Invocations
 23969 | Orc:2    | Found Catekew's Assorted Antiques.
 23969 | Orc:2    | Found Okhetuos's Antique Armour Emporium.
 23982 | Orc:2    | Bought a distressingly furry helmet for 313 gold pieces
 23982 | Orc:2    | Identified the +1 helmet of Loniquet {Int+5} (You bought it
                  | in a shop on level 2 of the Orcish Mines)
 23999 | Orc:2    | Learned a level 3 spell: Vhi's Electric Charge
 24012 | Orc:2    | Bought a scroll labelled WIRENT KAG WEA for 24 gold pieces
 24419 | Orc:2    | Found Goos's General Store.
 24419 | Orc:2    | Found Hilu's Antique Weapon Emporium.
 24425 | Orc:2    | Bought a scroll of silence for 123 gold pieces
 24435 | Orc:2    | Bought a smoking scimitar for 243 gold pieces
 24435 | Orc:2    | Identified the +9 scimitar of a Million Blessings {elec,
                  | Contam rElec Dex+4} (You bought it in a shop on level 2 of
                  | the Orcish Mines)
 24614 | Orc:1    | Found Fiehos's Jewellery Shoppe.
 24829 | D:13     | Identified the +6 plate armour of the Storm King {Harm}
                  | (Okawaru gifted it to you on level 13 of the Dungeon)
 24829 | D:13     | Received a gift from Okawaru
 25402 | D:13     | Identified the +8 quarterstaff "Spider's Death Toll" {vamp,
                  | Str+8 Dex-5}
 25421 | D:13     | Reached skill level 10 in Fighting
 25421 | D:13     | Reached skill level 10 in Dodging
 25834 | D:13     | Reached skill level 10 in Stealth
 26221 | Lair:4   | Killed Rupert
 26438 | Lair:4   | Found a runed translucent door.
 26439 | Lair:4   | Found a viscous altar of Jiyva.
 26441 | Lair:4   | Found a staircase to the Slime Pits.
 27122 | Lair:5   | Entered Level 5 of the Lair of Beasts
 27408 | Lair:5   | Reached XP level 15. HP: 115/115 MP: 28/28
 27497 | Lair:5   | Reached skill level 10 in Short Blades
 27497 | Lair:5   | Reached skill level 10 in Long Blades
 27497 | Lair:5   | Reached skill level 10 in Axes
 27497 | Lair:5   | Reached skill level 10 in Maces & Flails
 27497 | Lair:5   | Reached skill level 10 in Polearms
 27497 | Lair:5   | Reached skill level 10 in Staves
 27497 | Lair:5   | Reached skill level 10 in Ranged Weapons
 27497 | Lair:5   | Reached skill level 10 in Throwing
 27497 | Lair:5   | Reached skill level 10 in Shields
 27497 | Lair:5   | Reached skill level 10 in Unarmed Combat
 27497 | Lair:5   | Reached skill level 10 in Spellcasting
 27524 | Lair:5   | Received a gift from Okawaru
 27671 | Lair:5   | Received a gift from Okawaru
 27896 | Lair:5   | Identified the +5 plate armour of Recklessness {Harm}
                  | (Okawaru gifted it to you on level 5 of the Lair of Beasts)
 27896 | Lair:5   | Received a gift from Okawaru
 29230 | D:13     | Learned a level 5 spell: Irradiate
 29843 | D:14     | Found a gate to the Vaults.
 30124 | D:15     | Entered Level 15 of the Dungeon
 30480 | D:15     | Received a gift from Okawaru
 30527 | D:15     | Found a sacrificial altar of Ru.
 30793 | D:15     | Identified the +0 ring mail "Giowuheif" {Slay+5} (Okawaru
                  | gifted it to you on level 15 of the Dungeon)
 30793 | D:15     | Received a gift from Okawaru
 30952 | D:15     | an alligator snapping turtle changed into a fenstrider
                  | witch
 30952 | D:15     | Noticed a fenstrider witch (glowing shapeshifter)
 30990 | D:14     | Learned a level 4 spell: Petrify
 31203 | Spider:1 | Entered Level 1 of the Spider Nest
 31313 | Lair:2   | Reached XP level 16. HP: 64/123 MP: 30/30
 31627 | Shoals:1 | Entered Level 1 of the Shoals
 32254 | Shoals:1 | Found Qazxut's General Store.
 32266 | Shoals:1 | Found Luunut's Specific Store.
 33032 | Orc:1    | Bought an amulet of reflection for 450 gold pieces
 33086 | Orc:2    | Bought a transparent scale mail for 297 gold pieces
 33086 | Orc:2    | Identified the +1 scale mail of Dim Light {rN+} (You bought
                  | it in a shop on level 2 of the Orcish Mines)
 33138 | Orc:2    | Bought a potion of might for 52 gold pieces
 33204 | D:12     | Bought a scarf of repulsion for 144 gold pieces
 33977 | Shoals:2 | Identified the +9 crystal plate armour of Stoicism {rF+}
                  | (Okawaru gifted it to you on level 2 of the Shoals)
 33977 | Shoals:2 | Received a gift from Okawaru
 34240 | Shoals:2 | Identified the +1 pair of boots "Ranao" {+Inv Regen+ Int-4
                  | Dex+10}
 34646 | Shoals:2 | Learned a level 4 spell: Olgreb's Toxic Radiance
 34684 | Shoals:2 | Found Akhlav Xonol's Antique Armour Boutique.
 34708 | Shoals:2 | Bought a polished scale mail for 297 gold pieces
 34708 | Shoals:2 | Identified the +0 scale mail of an ossuary {Will+ Str+3}
                  | (You bought it in a shop on level 2 of the Shoals)
 34714 | Shoals:2 | Bought an embroidered scarf for 264 gold pieces
 35073 | Shoals:3 | Identified the +0 leather armour of the Old and Reckless
                  | {Harm}
 35326 | Shoals:3 | Gained mutation: You are weak. (Str -2) [mutagenic glow]
 35471 | Shoals:4 | Entered Level 4 of the Shoals
 35943 | Shoals:3 | Noticed a kraken
 36624 | Shoals:4 | Reached XP level 17. HP: 133/133 MP: 32/32
 36842 | Shoals:4 | Received a gift from Okawaru
 36852 | Shoals:4 | Found the +3 Elemental Staff {rElec rF+ rC+ AC+3}
 36874 | Shoals:4 | Found a stormy altar of Qazlal.
 37221 | Shoals:4 | Received a gift from Okawaru
 37258 | Shoals:4 | Reached skill level 10 in Conjurations
 37258 | Shoals:4 | Reached skill level 10 in Hexes
 37258 | Shoals:4 | Reached skill level 10 in Summonings
 37258 | Shoals:4 | Reached skill level 10 in Necromancy
 37258 | Shoals:4 | Reached skill level 10 in Translocations
 37258 | Shoals:4 | Reached skill level 10 in Transmutations
 37258 | Shoals:4 | Reached skill level 10 in Fire Magic
 37258 | Shoals:4 | Reached skill level 10 in Ice Magic
 37258 | Shoals:4 | Reached skill level 10 in Air Magic
 37258 | Shoals:4 | Reached skill level 10 in Earth Magic
 37258 | Shoals:4 | Reached skill level 10 in Poison Magic
 37258 | Shoals:4 | Reached skill level 10 in Shapeshifting
 37320 | Shoals:4 | Got a barnacled rune of Zot
 38744 | Spider:1 | Identified the +7 orcbow "Fetsois" {drain, rF++ Will+
                  | Dex+2}
 38880 | Spider:1 | Found the +8 demon blade "Leech" {evervamp, Harm Drain rN+}
 39593 | Spider:2 | Received a gift from Okawaru
 39618 | Spider:2 | Got the Elucidation of Nocuous Exhalation
 39623 | Spider:2 | Learned a level 3 spell: Mephitic Cloud
 40443 | Spider:3 | Noticed Jorgrun
 40449 | Spider:3 | Received a gift from Okawaru
 40450 | Spider:3 | Killed Jorgrun
 40560 | Spider:3 | Received a gift from Okawaru
 40675 | Spider:3 | Received a gift from Okawaru
 40684 | Spider:3 | Reached XP level 18. HP: 129/141 MP: 2/34
 41281 | Spider:4 | Entered Level 4 of the Spider Nest
 41285 | Spider:4 | Noticed Asterion
 41568 | Spider:4 | Killed Asterion
 41578 | Spider:4 | Noticed Mara
 41630 | Spider:4 | Killed Mara
 41665 | Spider:4 | Paralysed by a jorogumo for 2 turns
 42215 | Spider:4 | Received a gift from Okawaru
 42380 | Spider:4 | Got a gossamer rune of Zot
 42807 | Spider:3 | Received a gift from Okawaru
 43151 | D:3      | Killed bmj180's ghost
 43634 | D:15     | Found a staircase to the Depths.
 43635 | D:15     | Paralysed by a great orb of eyes for 5 turns
 43774 | Vaults:1 | Entered Level 1 of the Vaults
 43796 | Vaults:1 | Received a gift from Okawaru
 43933 | Vaults:1 | Noticed Frederick
 43933 | Vaults:1 | Noticed Agnes
 43944 | Vaults:1 | Killed Frederick
 43953 | Vaults:1 | Killed Agnes
 43953 | Vaults:1 | Received a gift from Okawaru
 43954 | Vaults:1 | Reached XP level 19. HP: 104/149 MP: 13/36
 43954 | Abyss:3  | Cast into level 3 of the Abyss (black draconian knight)
 43979 | Vaults:1 | Escaped the Abyss
 44225 | Vaults:1 | Received a gift from Okawaru
 44314 | Vaults:1 | Received a gift from Okawaru
 45297 | Vaults:2 | Received a gift from Okawaru
 45347 | Vaults:2 | Noticed a tentacled monstrosity
 45364 | Vaults:2 | Killed a tentacled monstrosity
 45419 | Vaults:2 | Received a gift from Okawaru
 45468 | Vaults:2 | Found a glowing golden altar of the Shining One.
 45468 | Vaults:2 | Found a crumbling gateway.
 45468 | Vaults:2 | Found a glowing silver altar of Zin.
 45485 | Vaults:2 | Found a white marble altar of Elyvilon.
 45536 | Desolati | Entered the Desolation of Salt
 45630 | Desolati | Found the +7 mace of Variability {chaos, chaos arc}
 45730 | Desolati | Reached skill level 15 in Evocations
 45741 | Desolati | Received a gift from Okawaru
 45826 | Desolati | Received a gift from Okawaru
 45864 | Desolati | Found the +2 pair of slick slippers {slick, slippery, EV+4}
 45866 | Desolati | Identified the +4 ring mail of Kindness {Will+ Str+3}
 45891 | Desolati | Got Lom Lobon's Tractate on Peregrination
 45938 | Desolati | Identified the amulet of the Open Hand {Reflect Str+2 Int+3
                  | Slay+5 SH+5}
 45961 | Desolati | Reached XP level 20. HP: 145/158 MP: 37/37
 46010 | Desolati | Received a gift from Okawaru
 46238 | Desolati | Got Beippice's Atlas of the Gift and Cold
 46271 | Desolati | Got Toaciyfei's Volume of Flesh and the Crypt
 46274 | Desolati | Identified the +4 robe of the Old World {Contam Harm rElec
                  | rC+}
 46284 | Desolati | Got the Compendium of the Invisible Ships
 46291 | Desolati | Got the Volume of the Armadillo
 46511 | Vaults:2 | Reached skill level 15 in Invocations
 46755 | Vaults:2 | Identified the amulet of Gozubar {Acrobat rC+}
 46798 | Vaults:2 | Identified the +5 mace "Sipum" {heavy, *Noise rN+ Int+2}
 46904 | Vaults:2 | Identified the +0 chain mail of Elitism {*Corrode Str+5
                  | Int+3 Dex+3}
 46928 | Vaults:2 | Identified the amulet of the Coward {Acrobat Harm *Slow
                  | rN+++ Str-3}
 47587 | Vaults:2 | Received a gift from Okawaru
 47753 | Vaults:2 | Noticed Zenata
 47767 | Vaults:2 | Killed Zenata
 47958 | Vaults:2 | Identified the +3 chain mail of the Platytaur {Fly SInv}
 47978 | Vaults:2 | Received a gift from Okawaru
 47987 | Vaults:2 | Learned a level 2 spell: Wereblood
 47991 | Vaults:2 | Learned a level 3 spell: Swiftness
 47997 | Vaults:2 | Learned a level 5 spell: Freezing Cloud
 48003 | Vaults:2 | Learned a level 5 spell: Silence
 48009 | Vaults:2 | Learned a level 5 spell: Yara's Violent Unravelling
 48438 | Vaults:3 | Identified the +0 buckler "Runluis" {Dex+2} (Okawaru gifted
                  | it to you on level 3 of the Vaults)
 48438 | Vaults:3 | Received a gift from Okawaru
 48454 | Vaults:3 | Reached skill level 15 in Armour
 48564 | Vaults:3 | Reached XP level 21. HP: 166/166 MP: 39/39
 48567 | Vaults:3 | Found a staircase to the Crypt.
 48587 | Vaults:3 | Noticed Boris
 48612 | Vaults:3 | Killed Boris
 49535 | Vaults:4 | Found Liblek's Antique Armour Shoppe.
 49543 | Vaults:4 | Identified the +3 helmet of Pandemonium {rCorr MP+9 Dex+2}
 49746 | Vaults:4 | Received a gift from Okawaru
 49817 | Vaults:4 | Reached skill level 15 in Fighting
 49817 | Vaults:4 | Reached skill level 15 in Dodging
 49928 | Vaults:4 | Reached skill level 15 in Stealth
 50036 | Vaults:4 | Noticed Aizul
 50050 | Vaults:4 | Killed Aizul
 50153 | Vaults:4 | Identified the +4 robe "Hiusoin" {rPois rN+++ Int-4
                  | Archmagi}
 50207 | Vaults:4 | Found a runed translucent door.
 50224 | Vaults:4 | Learned a level 5 spell: Metabolic Englaciation
 50399 | Vaults:4 | Identified the +2 orcbow of Terra Cotta {antimagic, rElec
                  | rF- rC+ Will+} (Okawaru gifted it to you on level 4 of the
                  | Vaults)
 50399 | Vaults:4 | Received a gift from Okawaru
 51164 | Depths:1 | Entered Level 1 of the Depths
 51172 | Depths:1 | Reached skill level 15 in Short Blades
 51172 | Depths:1 | Reached skill level 15 in Long Blades
 51172 | Depths:1 | Reached skill level 15 in Axes
 51172 | Depths:1 | Reached skill level 15 in Maces & Flails
 51172 | Depths:1 | Reached skill level 15 in Polearms
 51172 | Depths:1 | Reached skill level 15 in Staves
 51172 | Depths:1 | Reached skill level 15 in Ranged Weapons
 51172 | Depths:1 | Reached skill level 15 in Throwing
 51172 | Depths:1 | Reached skill level 15 in Shields
 51172 | Depths:1 | Reached skill level 15 in Unarmed Combat
 51172 | Depths:1 | Reached skill level 15 in Spellcasting
 51339 | Depths:1 | Reached XP level 22. HP: 175/175 MP: 36/41
 51522 | Depths:1 | Noticed Boris
 51577 | Depths:1 | Killed Boris
 51577 | Depths:1 | Received a gift from Okawaru
 51935 | Depths:1 | Found a gateway to Hell.
 52012 | Depths:1 | Received a gift from Okawaru
 52179 | Depths:1 | Found a one-way gate to the infinite horrors of the Abyss.
 52384 | Depths:1 | Found a basalt altar of Yredelemnul.
 52929 | Depths:2 | Received a gift from Okawaru
 52933 | Depths:2 | Noticed a juggernaut
 52950 | Depths:2 | Killed a juggernaut
 52974 | Depths:2 | Noticed a caustic shrike
 52985 | Depths:2 | Killed a caustic shrike
 53243 | Depths:2 | Identified a scroll of acquirement
 53257 | Depths:2 | Received a gift from Okawaru
 53304 | Depths:2 | Acquired the amulet of Xom's Malicious Joy {Acrobat Drain
                  | rF+ Will+ Str+2}
 53583 | Depths:2 | You are sucked into a shaft and drop 2 floors!
 53583 | Depths:4 | Entered Level 4 of the Depths
 53584 | Depths:4 | Noticed a golden dragon
 53584 | Depths:4 | Found a gate to the Realm of Zot.
 53650 | Depths:4 | Noticed a juggernaut
 53919 | Depths:2 | Identified the +0 short sword "Qivos" {freeze, Contam Drain
                  | rElec SInv}
 54107 | Depths:2 | Found a one-way gate leading to the halls of Pandemonium.
 54121 | Depths:2 | Gained mutation: Armour fits poorly on your strangely
                  | shaped body. [a neqoxec]
 54125 | Depths:2 | Lost mutation: Armour fits poorly on your strangely shaped
                  | body. [potion of mutation]
 54125 | Depths:2 | Lost mutation: You are weak. (Str -2) [potion of mutation]
 54125 | Depths:2 | Gained mutation: You occasionally lose the ability to read
                  | scrolls when taking damage. [potion of mutation]
 54125 | Depths:2 | Gained mutation: Your mind is acute. (Int +4, Str/Dex -1)
                  | [potion of mutation]
 54125 | Depths:2 | Gained mutation: Your mind is very acute. (Int +8, Str/Dex
                  | -2) [potion of mutation]
 54255 | Depths:3 | Noticed Mennas
 54291 | Depths:3 | Killed Mennas
 54292 | Depths:3 | Reached XP level 23. HP: 105/183 MP: 1/42
 54451 | Depths:3 | Identified the +4 plate armour of Moady Nih {rElec Str+2
                  | Slay-6} (Okawaru gifted it to you on level 3 of the Depths)
 54451 | Depths:3 | Received a gift from Okawaru
 54975 | Depths:3 | Noticed an ancient lich
 54989 | Depths:3 | Killed an ancient lich
 55488 | Depths:3 | Noticed a caustic shrike
 55501 | Depths:3 | Killed a caustic shrike
 55652 | Depths:3 | Noticed a juggernaut
 55661 | Depths:3 | Killed a juggernaut
 55763 | Depths:3 | Identified the +3 leather armour "Ribis" {rElec rPois
                  | Dex+3}
 56141 | Orc:1    | Bought the ring of Duovibes {Wiz Fly rPois rC+ Stlth+} for
                  | 796 gold pieces
 56739 | Depths:4 | Received a gift from Okawaru
 56795 | Depths:4 | Killed a golden dragon
 56859 | Depths:4 | Found Geenwel's Blood Bar.
 57023 | Depths:4 | Received a gift from Okawaru
 57078 | Depths:4 | Killed a juggernaut
 57127 | Depths:4 | Found a broken altar of Ashenzari.
 57217 | Depths:4 | Received a gift from Okawaru
 57675 | Depths:4 | Found a one-way gateway to a ziggurat.
 58163 | Vaults:5 | Entered Level 5 of the Vaults
 58373 | Vaults:5 | Identified the +4 dagger of Glory {holy, *Noise rElec
                  | Stlth+} (Okawaru gifted it to you on level 5 of the Vaults)
 58373 | Vaults:5 | Received a gift from Okawaru
 58384 | Vaults:5 | Reached XP level 24. HP: 193/193 MP: 43/43
 58477 | Vaults:5 | Identified the +8 falchion "Qaoxtawa" {protect, rElec
                  | Dex+3}
 58676 | Vaults:5 | Noticed an ancient lich
 58684 | Vaults:5 | Noticed a dread lich
 58690 | Vaults:5 | Killed an ancient lich
 58692 | Vaults:5 | Identified the +1 rapier of Macic {venom, rElec Will-
                  | Str+4} (Okawaru gifted it to you on level 5 of the Vaults)
 58692 | Vaults:5 | Received a gift from Okawaru
 58699 | Vaults:5 | Killed a dread lich
 58777 | Vaults:5 | Identified the +2 scimitar "Sisuj" {antimagic, Dex+3}
 58976 | Vaults:5 | Identified the ring "Heheot" {rF- rCorr Str+5 SInv}
 59023 | Vaults:5 | Identified the +0 ring mail "Dodwuix" {rN+ Slay+3}
 59085 | Vaults:5 | an iron giant changed into a caustic shrike
 59085 | Vaults:5 | Noticed a caustic shrike (glowing shapeshifter)
 59087 | Vaults:5 | a caustic shrike changed into a golden dragon
 59142 | Vaults:5 | Identified the staff "Tuifuavymn" {rElec rC+ Str-4 Int+2
                  | Dex+3 Ice}
 59229 | Vaults:5 | Identified the +1 chain mail of the Lusting Gods {rF+++
                  | Will++ Dex-3 Stlth+} (Okawaru gifted it to you on level 5
                  | of the Vaults)
 59229 | Vaults:5 | Received a gift from Okawaru
 59284 | Vaults:5 | Learned a level 4 spell: Manifold Assault
 59449 | Vaults:5 | Got a silver rune of Zot
 59532 | Vaults:5 | Identified the +8 flail "Killer Bee's Curse" {freeze, rC++
                  | Str+2}
 59676 | Vaults:5 | Identified the +3 hand axe "Inyerr" {flame, *Rage rPois
                  | Str+3}
 60101 | D:12     | Bought a scroll of enchant weapon for 90 gold pieces
 60481 | D:10     | You paid a toll of a +5 demon whip to enter a treasure
                  | trove
 60482 | Trove    | Entered a treasure trove
 60499 | Trove    | Identified the ring of the Endless Dances {Fly Dex+4}
 60511 | Trove    | Identified the ring of Ezootis {rElec rF+++ Str+4 Dex+3
                  | Slay+4}
 60530 | Trove    | Identified the amulet "Urueliopt" {Acrobat rF+ MP+9}
 60533 | Trove    | Identified the ring of Syahoak {+Blink Fly rC- MP+9 Slay+6}
 61147 | Zot:1    | Entered Level 1 of the Realm of Zot
 61402 | Zot:1    | Noticed an orb of fire
 61420 | Zot:1    | Killed an orb of fire
 61447 | Zot:1    | Reached XP level 25. HP: 99/201 MP: 10/44
 62627 | Zot:1    | Identified the +5 short sword of Fuifo {flame, rF+}
 62628 | Zot:1    | Got the Handbook of The Black Sun
 63016 | Zot:2    | Received a gift from Okawaru
 63261 | Zot:2    | Found the +4 dragonskin cloak
 63261 | Zot:2    | Noticed Tiamat
 63526 | Zot:2    | Killed Tiamat
 63526 | Zot:2    | Identified the +0 pair of gloves of Sloth {Dex+3} (Okawaru
                  | gifted it to you on level 2 of the Realm of Zot)
 63526 | Zot:2    | Received a gift from Okawaru
 63878 | Zot:3    | Reached skill level 15 in Necromancy
 65019 | Zot:4    | Reached skill level 15 in Conjurations
 65019 | Zot:4    | Reached skill level 15 in Hexes
 65019 | Zot:4    | Reached skill level 15 in Summonings
 65019 | Zot:4    | Reached skill level 15 in Translocations
 65019 | Zot:4    | Reached skill level 15 in Transmutations
 65019 | Zot:4    | Reached skill level 15 in Fire Magic
 65019 | Zot:4    | Reached skill level 15 in Ice Magic
 65019 | Zot:4    | Reached skill level 15 in Air Magic
 65019 | Zot:4    | Reached skill level 15 in Earth Magic
 65019 | Zot:4    | Reached skill level 15 in Poison Magic
 65019 | Zot:4    | Reached skill level 15 in Shapeshifting
 65032 | Zot:4    | Learned a level 5 spell: Arcjolt
 65360 | Zot:4    | Reached XP level 26. HP: 190/209 MP: 26/44
 65398 | Zot:3    | Received a gift from Okawaru
 65661 | Zot:5    | Entered Level 5 of the Realm of Zot
 65661 | Zot:5    | Found Ummuota's Changing Room.
 65825 | Zot:5    | Found Ygenkok's CLEARANCE SALE!.
 65836 | Zot:5    | Bought a potion of curing for 12 gold pieces
 66997 | Zot:5    | Noticed an ancient lich
 67004 | Zot:5    | Killed an ancient lich
 67005 | Zot:5    | Noticed a dread lich
 67017 | Zot:5    | Killed a dread lich
 67089 | Zot:5    | Noticed a dread lich
 67094 | Zot:5    | Noticed an orb of fire
 67103 | Zot:5    | Killed a dread lich
 67106 | Zot:5    | Killed an orb of fire
 67115 | Zot:5    | Noticed a Killer Klown
 67117 | Zot:5    | Noticed an ancient lich
 67117 | Zot:5    | Noticed a dread lich
 67313 | Zot:5    | Paralysed by a dread lich for 2 turns
 67319 | Zot:5    | Killed a dread lich
 67323 | Zot:5    | Killed an ancient lich
 67323 | Zot:5    | Received a gift from Okawaru
 67332 | Zot:5    | Noticed an ancient lich
 67368 | Zot:5    | Killed an ancient lich
 67425 | Zot:5    | Killed a Killer Klown
 67489 | Zot:5    | Noticed an orb of fire
 67497 | Zot:5    | Gained mutation: Your body sometimes deteriorates upon
                  | taking damage. [an orb of fire]
 67510 | Zot:5    | Killed an orb of fire
 67512 | Zot:5    | Noticed a Killer Klown
 67524 | Zot:5    | Killed a Killer Klown
 67558 | Zot:5    | Noticed a dread lich
 67570 | Zot:5    | Killed a dread lich
 67764 | Zot:5    | Noticed a dread lich
 67768 | Zot:5    | Noticed a Killer Klown
 67775 | Zot:5    | Killed a dread lich
 67796 | Zot:5    | Noticed a Killer Klown
 67833 | Zot:5    | a Killer Klown changed into a juggernaut
 67833 | Zot:5    | Noticed a juggernaut
 67837 | Zot:5    | Killed a Killer Klown
 67852 | Zot:5    | Killed a juggernaut
 67858 | Zot:5    | Noticed a Killer Klown
 67883 | Zot:5    | Killed a Killer Klown
 67889 | Zot:5    | Noticed an ancient lich
 67922 | Zot:5    | Killed an ancient lich
 67976 | Zot:5    | Noticed a dread lich
 68001 | Zot:5    | Killed a dread lich
 68001 | Zot:5    | Received a gift from Okawaru
 68136 | Zot:5    | Reached XP level 27. HP: 207/208 MP: 45/45
 68211 | Zot:5    | Received a gift from Okawaru
 68329 | Zot:5    | Got the Orb of Zot
 68859 | D:8      | Noticed Tozello the pandemonium lord
 68976 | D:$      | Escaped with the Orb!

Illustrated notes

Levels and vault maps discovered:
D:1:      elethiomel_arrival_shortcut, layout_basic
D:2:      layout_loops_corners, shapermc_ecumenical_altar_mp_vishouse,
          kennysheep_donut, st_stairs_2, uniq_robin
D:3:      layout_basic, pdpol_wu_jian_five_deadly_venoms,
          nicolae_overflow_crystal_walls, ebering_ghost_disaster_area,
          pf_guarded_unrand_woodcutter, uniq_ijyb
D:4:      minmay_general_purpose_star, layout_cave_pods, uniq_duvessa,
          uniq_sigmund
D:5:      layout_layer_cave, mainiacjoe_overflow_brackets,
          nicolae_kite_square_tiling_tiny, uniq_menkaure
D:6:      layout_cave_pods, grunt_temple_overflow_open,
          mainiacjoe_overflow_alcove_1, grunt_dithmenos_smoke,
          minmay_temple_entry_poolview, uniq_grinder
D:7:      layout_basic, enter_bailey_7, roderic_lattice_a,
          kennysheep_generic_room_10
D:8:      layout_basic, enter_ossuary_2
D:9:      layout_roguey, mainiacjoe_overflow_six_doors_small,
          nzn_hepliaklqana_mist_gate, kennysheep_doodads
D:10:     layout_loops_ring, mainiacjoe_overflow_surrounded_room,
          dk_yredelemnul_ordeal, kennysheep_little_box,
          erik_lair_orcish_takeover, trove_entry_hex_spiral,
          mrwooster_statue_mirror
D:11:     layout_roguey, portal_ice_cave_demonic_guard, uniq_snorg
D:12:     layout_loops_ring, orc_0_dummy, serial_shops,
          nicolae_shop_advertising_works [nicolae_subvault_shop_adworks]
D:13:     layout_small_grid, minmay_statue_bubble
D:14:     layout_cave_pods, hellmonk_vaults_order_and_chaos,
          hangedman_abyss_or_decor_jellyfish_corner
D:15:     gammafunk_enter_depths_forms, layout_cave_pools, moated_statue,
          hangedman_ru_absence
Temple:   nicolae_temple_bog_church
Lair:1:   layout_cave_pods, grunt_megastairs_2
Lair:2:   layout_chaotic_city, elwin_shoals_entry_stream,
          nicolae_spider_entry_orb_guardian, basic_altar, grunt_megastairs_5
Lair:3:   minmay_guarded_unrand_snakebite, layout_cave_shapes, lemuel_fruit_tree
Lair:4:   layout_roguey, slime_entry_2, eino_small_chamber_without_monster,
          chequers_serial_rivers_room_b, uniq_rupert
Lair:5:   minmay_lair_end_frog_pond, layout_regular_city,
          nicolae_lair_grove_arrangements, grunt_forest_small_clearings,
          minmay_lair_oklob_bushes, minivault_19, nicolae_quartered_pool_little
Shoals:1: layout_shoals, nicolae_specific_store
Shoals:2: layout_shoals, serial_shops, shop
Shoals:3: layout_shoals, nicolae_shoals_undead_eyrie
Shoals:4: shoals_end_grunt_ice, layout_shoals, lemuel_oklob_altar
Spider:1: nicolae_spider_mines_3
Spider:2: layout_spider_delve, hangedman_stitches_earthworm
Spider:3: layout_spider_delve, uniq_jorgrun
Spider:4: guppyfry_spider_rune, drop_trap, nicolae_spider_checkerboard,
          uniq_mara, uniq_asterion
Orc:1:    nicolae_orc_accident_1, layout_caves, serial_shops, nicolae_shop_trees
Orc:2:    st_orc_town, layout_caves, uniq_sonja
Vaults:1: v_alt_pattern_1, nicolae_vaults_closet_pinwheel_6, v_misc_13,
          vaults_room_semicircle, vaults_standard_mumra_enter_the_diamond,
          sword_in_stone, hangedman_vaults_locks, nicolae_vaults_tetromino_Z_2,
          layout_vaults_omnigrid
Vaults:2: portal_desolation_entry_holy_temple, st_greater_box_5, v_pattern_1,
          nicolae_vaults_windows_and_doors_thing, nicolae_vaults_tetromino_T_2,
          vaults_room_fours, vaults_dpeg_encased_lava,
          nicolae_vaults_double_plus_2, nicolae_vaults_wine_cellar,
          nicolae_vaults_weapon_check, vaults_room_grunt_arrival_checkpoint,
          nicolae_vaults_little_squares_1, grunt_vaults_hallway_short,
          nicolae_vaults_little_ls, vaults_dpeg_ring, layout_vaults_omnicross,
          uniq_zenata
Vaults:3: grunt_vaults_funnel, nicolae_vaults_minivaults,
          nicolae_vaults_shelves_hall, nicolae_vaults_angled_halls,
          hangedman_vaults_hat, nicolae_vaults_diamond_1, v_misc_4,
          minmay_crypt_entry_simple_corners, vaults_room_door_hall,
          ontoclasm_vaults_gateway, layout_vaults_ring, uniq_boris
Vaults:4: nicolae_vaults_diagonal_hallway_8, v_misc_22, v_misc_3, v_misc_32,
          nicolae_vaults_network_periphery, nicolae_vaults_two_Ls,
          nicolae_vaults_closet_pinwheel_1, nicolae_vaults_oozy_zoo,
          nicolae_vaults_door_testing_chamber,
          nicolae_vaults_trapezoid_lopsided_1, v_misc_12,
          nicolae_vaults_little_squares_4, vaults_room_door_ring,
          nicolae_vaults_trapezoid_lopsided_3, vaults_room_fancy_cross,
          nicolae_vaults_angled_halls, layout_vaults_omnibox, serial_shops,
          shop, uniq_aizul
Vaults:5
Depths:1: layout_roguey, hangedman_abyss_entry_splay, grunt_mini_vestibule,
          st_stairs_5, nicolae_lava_and_water, minmay_misc_feat_iff,
          abandoned_shop, lemuel_zombie_altar_yredelemnul
Depths:2: hangedman_arch_fort, layout_basic, pf_hell_entry_tar_river,
          rand_demon_pan_entry_1
Depths:3: little_maze_vault, layout_cave_pools, hell_entry, abyss_entry,
          chequers_serial_rivers_micro_a, pan_entry, dreamdust_wasp_nest,
          uniq_mennas
Depths:4: grunt_zot_entry_alcove, layout_honeycomb, enter_ziggurat_e,
          nicolae_ashenzari_panopticon, pf_hell_entry_great_geh,
          rand_demon_pan_entry_5, minmay_misc_feat_alley, guppyfry_shop_blood
Zot:1:    dreamdust_black_sun_cult, layout_onion_interference
Zot:2:    layout_misc_corridors, uniq_tiamat
Zot:3:    layout_basic, lemuel_elevator
Zot:4:    layout_misc_corridors
Zot:5:    layout_misc_corridors, nicolae_transmutations_shop,
          nicolae_shop_clearance

Skill      XL: |  1  2  3  4  5  6  7  8  9 10 11 12 13 14 15 16 17 18 19 20 21 22 23 24 25 26 27 |
---------------+----------------------------------------------------------------------------------+-----
Invocations    | 1 2 3 4 5 6 7 8 9 10 11 12 13 14 15 16 17 18 19 20 | 20.0
Short Blades   | 1 2 3 4 5 7 8 9 10 11 12 13 14 15 16 17 18 | 18.5
Long Blades    | 1 2 3 4 5 7 8 9 10 11 12 13 14 15 16 17 18 | 18.5
Axes           | 1 2 3 4 5 7 8 9 10 11 12 13 14 15 16 17 18 | 18.5
Maces & Flails | 1 2 3 4 5 7 8 9 10 11 12 13 14 15 16 17 18 | 18.5
Polearms       | 1 2 3 4 5 7 8 9 10 11 12 13 14 15 16 17 18 | 18.5
Staves         | 1 2 3 4 5 7 8 9 10 11 12 13 14 15 16 17 18 | 18.5
Ranged Weapons | 1 2 3 4 5 7 8 9 10 11 12 13 14 15 16 17 18 | 18.5
Throwing       | 1 2 3 4 5 7 8 9 10 11 12 13 14 15 16 17 18 | 18.5
Shields        | 1 2 3 4 5 7 8 9 10 11 12 13 14 15 16 17 18 | 18.5
Unarmed Combat | 1 2 3 4 5 7 8 9 10 11 12 13 14 15 16 17 18 19 20 | 20.1
Spellcasting   | 1 2 3 4 5 7 8 9 10 11 12 13 14 15 16 17 18 | 18.5
Conjurations   | 1 2 3 4 5 6 7 8 9 10 11 12 13 14 15 | 15.8
Hexes          | 1 2 3 4 5 6 7 8 9 10 11 12 13 14 15 | 15.8
Summonings     | 1 2 3 4 5 6 7 8 9 10 11 12 13 14 15 | 15.8
Necromancy     | 1 2 3 4 5 6 7 8 9 10 11 12 13 14 15 16 | 16.9
Translocations | 1 2 3 4 5 6 7 8 9 10 11 12 13 14 15 | 15.8
Transmutations | 1 2 3 4 5 6 7 8 9 10 11 12 13 14 15 | 15.8
Fire Magic     | 1 2 3 4 5 6 7 8 9 10 11 12 13 14 15 | 15.8
Ice Magic      | 1 2 3 4 5 6 7 8 9 10 11 12 13 14 15 | 15.8
Air Magic      | 1 2 3 4 5 6 7 8 9 10 11 12 13 14 15 | 15.8
Earth Magic    | 1 2 3 4 5 6 7 8 9 10 11 12 13 14 15 | 15.8
Poison Magic   | 1 2 3 4 5 6 7 8 9 10 11 12 13 14 15 | 15.8
Shapeshifting  | 1 2 3 4 5 6 7 8 9 10 11 12 13 14 15 | 15.8
Fighting       | 3 4 5 6 7 8 9 10 11 12 13 14 15 16 17 18 | 18.7
Dodging        | 3 4 5 6 7 8 9 10 11 12 13 14 15 16 17 18 | 18.7
Stealth        | 3 4 5 6 7 8 9 10 11 12 13 14 15 16 17 18 | 18.6
Armour         | 5 6 7 8 9 10 11 12 13 14 15 16 17 18 19 | 19.0
Evocations     | 7 8 9 10 11 12 13 14 15 16 17 18 19 | 19.4

Action                     |  1- 3 |  4- 6 |  7- 9 | 10-12 | 13-15 | 16-18 | 19-21 | 22-24 | 25-27 || total
---------------------------+-------+-------+-------+-------+-------+-------+-------+-------+-------++-------
  Melee: Dagger            |    81 |       |       |    94 |       |       |       |       |       ||   175
         Club              |     9 |       |       |       |       |       |       |       |       ||     9
         Bite              |    23 |     2 |     2 |    87 |   301 |   311 |   244 |   274 |   212 ||  1456
         Punch             |     3 |       |       |     1 |       |       |       |       |       ||     4
         Short sword       |   100 |    15 |       |     4 |       |       |       |       |       ||   119
         Battleaxe         |       |       |    21 |    59 |       |       |       |       |       ||    80
         Spear             |       |       |       |   438 |   201 |       |       |       |       ||   639
         Whip              |       |       |       |       |  1327 |   916 |       |       |       ||  2243
         Morningstar       |       |       |       |       |    23 |       |       |       |       ||    23
         War axe           |       |       |       |       |    17 |    42 |       |       |       ||    59
         Broad axe         |       |       |       |       |    12 |       |       |       |       ||    12
         Scimitar          |       |       |       |       |   109 |    21 |       |       |       ||   130
         Staff             |       |       |       |       |       |   543 |   186 |   428 |       ||  1157
         Double sword      |       |       |       |       |       |       |   851 |   555 |   511 ||  1917
         Demon blade       |       |       |       |       |       |       |   214 |   163 |   135 ||   512
         Sacred scourge    |       |       |       |       |       |       |    19 |    61 |       ||    80
         Eudemon blade     |       |       |       |       |       |       |       |    39 |   303 ||   342
   Fire: Sling             |       |    94 |   353 |   355 |   214 |   191 |       |       |       ||  1207
         Orcbow            |       |       |       |    31 |       |       |       |       |       ||    31
         Hand crossbow     |       |       |       |       |       |       |       |    27 |   115 ||   142
  Throw: Boomerang         |     2 |       |       |    25 |   101 |   387 |    48 |    97 |    75 ||   735
         Throwing net      |       |       |     1 |     2 |     1 |       |       |       |       ||     4
         Javelin           |       |       |       |     7 |    14 |     5 |       |       |    13 ||    39
         Dart              |       |       |       |    21 |    22 |    18 |       |       |       ||    61
   Cast: Frozen Ramparts   |       |       |       |       |     2 |    22 |    23 |    30 |     6 ||    83
         Vhi's Electric Ch |       |       |       |       |     1 |       |       |     1 |     1 ||     3
         Olgreb's Toxic Ra |       |       |       |       |       |    48 |    54 |    74 |     7 ||   183
         Irradiate         |       |       |       |       |       |     3 |       |    12 |     5 ||    20
         Petrify           |       |       |       |       |       |       |     3 |       |       ||     3
         Silence           |       |       |       |       |       |       |     2 |     7 |     6 ||    15
         Metabolic Englaci |       |       |       |       |       |       |     2 |    14 |    11 ||    27
         Mephitic Cloud    |       |       |       |       |       |       |     1 |     6 |       ||     7
         Wereblood         |       |       |       |       |       |       |     1 |     3 |     1 ||     5
         Freezing Cloud    |       |       |       |       |       |       |       |    25 |    23 ||    48
         Arcjolt           |       |       |       |       |       |       |       |       |     5 ||     5
         Swiftness         |       |       |       |       |       |       |       |       |     2 ||     2
 Invoke: Heroism           |       |       |       |     1 |     6 |    10 |     7 |    13 |     7 ||    44
         Finesse           |       |       |       |       |       |     3 |     3 |     6 |     2 ||    14
Ability: Evoke Invisibilit |       |       |       |       |       |       |       |       |     1 ||     1
  Evoke: Wand              |     1 |     5 |    25 |    17 |    30 |    10 |     3 |     1 |    11 ||   103
         Phial of floods   |       |       |       |       |     1 |     3 |     1 |     2 |     1 ||     8
    Use: Scroll            |       |       |     7 |    11 |     5 |    10 |     7 |    14 |     9 ||    63
         Potion            |       |       |     1 |     3 |     2 |       |       |     3 |     4 ||    13
   Stab: Sleeping          |     4 |       |       |     4 |    18 |    10 |    10 |    14 |     5 ||    65
         Distracted        |       |       |       |       |     4 |     4 |     5 |     9 |     4 ||    26
         Invisible         |       |       |       |       |     4 |     2 |       |     1 |     1 ||     8
         Petrified         |       |       |       |       |       |       |    14 |       |       ||    14
         Confused          |       |       |       |       |       |       |     1 |     3 |       ||     4
 Armour: Leather armour    |    22 |       |       |       |       |       |       |       |       ||    22
         Scale mail        |    70 |     5 |       |       |       |       |       |       |       ||    75
         Ring mail         |       |     6 |    75 |    86 |   353 |   257 |   147 |    25 |       ||   949
         Chain mail        |       |     1 |       |       |   100 |       |       |       |       ||   101
         Troll leather arm |       |       |       |   112 |       |       |       |       |       ||   112
         Quicksilver drago |       |       |       |       |       |       |       |   119 |   143 ||   262
  Dodge: Dodged            |   108 |    24 |   121 |   438 |   640 |   796 |   599 |   531 |   499 ||  3756
         Repelled          |       |       |       |       |       |     7 |       |       |       ||     7
  Block: Kite shield       |       |       |    68 |   335 |   811 |  1239 |  1145 |   739 |       ||  4337
         Reflection        |       |       |       |       |       |    52 |    42 |    14 |    25 ||   133
         Tower shield      |       |       |       |       |       |       |       |   120 |  1051 ||  1171

Table legend: (Time is in decaauts)
 A = Elapsed time spent in this place.
 B = Non-inter-level travel time spent in this place.
 C = Inter-level travel time spent in this place.
 D = Time resting spent in this place.
 E = Time spent auto-exploring this place.
 F = Levels seen in this place.
 G = Mean time per level.
                   A        B        C        D        E       F      G
               +--------+--------+--------+--------+--------+-----+--------+
         Total |  67584 |  58508 |   9076 |   7330 |  29566 |  50 | 1351.7 |
       Dungeon |  20914 |  16189 |   4725 |   1217 |  10912 |  15 | 1394.3 |
        Temple |     34 |      3 |     31 |      0 |      0 |   1 |   34.0 |
          Lair |   8901 |   7355 |   1546 |    832 |   3143 |   5 | 1780.2 |
        Shoals |   5318 |   5035 |    283 |    476 |   1820 |   4 | 1329.5 |
   Spider Nest |   4294 |   4094 |    200 |    177 |   2439 |   4 | 1073.5 |
  Orcish Mines |   2479 |   2200 |    279 |    163 |    816 |   2 | 1239.5 |
        Vaults |   8131 |   7343 |    788 |     48 |   4309 |   5 | 1626.2 |
        Depths |   6303 |   5517 |    786 |    323 |   3239 |   4 | 1575.8 |
           Zot |   7080 |   6645 |    435 |   1844 |   2368 |   5 | 1416.0 |
         Abyss |     24 |     24 |      0 |      0 |      0 |   1 |   24.0 |
         Trove |     93 |     93 |      0 |      0 |      0 |   1 |   93.0 |
       Ossuary |    172 |    172 |      0 |     41 |     38 |   1 |  172.0 |
        Bailey |   2955 |   2955 |      0 |   2155 |    254 |   1 | 2955.0 |
    Desolation |    880 |    880 |      0 |     52 |    228 |   1 |  880.0 |
               +--------+--------+--------+--------+--------+-----+--------+

Top non-repeatable levels by time:
  Bailey: 2955 daAuts
  Lair:1: 2633 daAuts
   Zot:5: 2624 daAuts
Vaults:2: 2296 daAuts
  Lair:2: 2114 daAuts
Depths:3: 1975 daAuts
    D:10: 1862 daAuts
     D:8: 1811 daAuts
   Zot:1: 1730 daAuts
   Orc:2: 1609 daAuts
Vaults:5: 1594 daAuts
  Lair:5: 1587 daAuts
     D:5: 1585 daAuts
Vaults:1: 1548 daAuts
Depths:1: 1505 daAuts
